 Dungeon Sprint DCSS version 0.27-a0-972-gd1521fd518 (webtiles) character file.

Game seed: 8880405176717988382

847 Snicker the Fencer (level 7, -4/63 HPs)
             Began as a Minotaur Gladiator on Apr 14, 2021.
             Slain by a water nymph (5 damage)
             ... in the Dungeon (Sprint V: "Ziggurat Sprint").
             The game lasted 00:03:06 (365 turns).

Snicker the Fencer (Minotaur Gladiator)              Turns: 365, Time: 00:03:06

Health: -4/63      AC: 27    Str: 31    XL:     7   Next: 68%
Magic:  6/6        EV: 11    Int:  5    God:
Gold:   0          SH:  0    Dex: 13    Spells: 6/6 levels left

rFire    . . .     SeeInvis .   m - +11 plutonium sword {Contam Stlth-}
rCold    . . .     Faith    .   (shield currently unavailable)
rNeg     . . .     Spirit   .   l - +15 Maxwell's patent armour {-Cast -Tele rElec Will+ rCorr}
rPois    .         Reflect  .   c - +0 hat
rElec    +         Harm     .   (no cloak)
rCorr    +         Rampage  .   (no gloves)
Will     +....     NoTele   +   (no boots) Stlth ..........NoCast +
                                (no amulet)
HPRegen  0.20/turn              s - +6 ring of strength
MPRegen  0.10/turn              t - +6 ring of strength

@: very slow
A: horns 2, retaliatory headbutt
a: no special abilities


You were in the Dungeon.
You visited 1 branch

Inventory:

Hand Weapons
 a - a +0 long sword
 m - the +11 plutonium sword (weapon) {Contam Stlth-}
   (You found it in the Dungeon)

   It causes magical contamination when unequipped.
   It makes you less stealthy.
Missiles
 d - 3 throwing nets (quivered)
Armour
 b - a +0 leather armour
 c - a +0 hat (worn)
 k - +5 gold dragon scales
 l - the +15 Maxwell's patent armour (worn) {-Cast -Tele rElec Will+ rCorr}
   (You found it in the Dungeon)

   It insulates you from electricity.
   It prevents spellcasting.
   It prevents most forms of teleportation.
   It protects you from acid and corrosion.
   It increases your willpower.
 B - a +0 kite shield of reflection
Jewellery
 n - a ring of flight
 o - a +6 ring of dexterity
 p - a +6 ring of dexterity
 q - a +6 ring of intelligence
 r - a +6 ring of intelligence
 s - a +6 ring of strength (left hand)
 t - a +6 ring of strength (right hand)
Wands
 u - a wand of mindburst (7)
 v - a wand of iceblast (7)
 w - a wand of acid (7)
Scrolls
 j - 4 scrolls of blinking
 y - 4 scrolls of amnesia
 D - 7 scrolls of fog
 E - a scroll of holy word
 F - 5 scrolls of identify
 G - 2 scrolls of fear
Potions
 e - 10 potions of curing
 f - 10 potions of heal wounds
 g - 6 potions of haste
 h - 7 potions of magic
 i - 3 potions of berserk rage
 x - 2 potions of brilliance
 z - 2 potions of invisibility
 A - 4 potions of resistance
 C - 5 potions of might


   Skills:
 + Level 6.2 Fighting
 * Level 15.6 Long Blades
 + Level 3.9 Throwing
 + Level 6.2 Armour
 + Level 8.0 Dodging
 + Level 0.6 Stealth


You had 6 spell levels left.
You didn't know any spells.
Your spell library contained the following spells:

 Spells                   Type           Power      Damage    Failure   Level
 Animate Skeleton         Necr           0%         N/A       99%         1
 Static Discharge         Conj/Air       0%         N/A       100%        3
 Dispel Undead            Necr           0%         3d6       100%        4
 Iskenderun's Battlesphe  Conj           0%         2d6       100%        5
 Lightning Bolt           Conj/Air       0%         1d11      100%        5
 Conjure Ball Lightning   Conj/Air       0%         3x3d6     100%        6
 Tornado                  Air            0%         N/A       100%        9


Dungeon Overview and Level Annotations

Branches:
Dungeon (1/1)

Altars:
Ashenzari
Cheibriados
Dithmenos
Elyvilon
Fedhas
Gozag
Hepliaklqana
Kikubaaqudgha
Makhleb
Nemelex Xobeh
Okawaru
Qazlal
Ru
Sif Muna
Trog
Uskayaw
Vehumet
Wu Jian
Xom
Yredelemnul
Zin
The Shining One
Beogh
Jiyva
Lugonu

Annotations:
D 1 transporter


Innate Abilities, Weirdness & Mutations

You have a pair of horns on your head.
You reflexively headbutt those who attack you in melee.


Message History

The tarantella bites you but does no damage.
Unknown command.
You closely miss the tarantella. Your headbutt misses the tarantella.
The tarantella is almost dead.
The tarantella barely misses you.
The tarantella bites you but does no damage.
Unknown command.
You slice the tarantella!!
You kill the tarantella!
The tarantella closely misses you.
You riposte.
You slice the tarantella!!
Mutagenic energy flows through the plutonium sword!
The tarantella evaporates and reforms as a water nymph!
Your headbutt misses the water nymph.
The water nymph's watery aura covers the transporter landing site.
Your Long Blades skill increases to level 15!
Your Armour skill increases to level 6!
You cut the tarantella into ribbons!!!
You kill the tarantella!
The jumping spider leaps!
The water nymph barely misses you.
Splash!
You fall into the shallow water.
Moving in this stuff is going to be slow.
Your Fighting skill increases to level 6!
Your Dodging skill increases to level 8!
Your unstable footing causes you to fumble your attack.
The water nymph points at you and mumbles some strange words.
The water swirls and strikes you!
Unknown command.
Your unstable footing causes you to fumble your attack.
The jumping spider pounces on you.
* * * LOW HITPOINT WARNING * * *
You are caught in a web!
The jumping spider bites you.
* * * LOW HITPOINT WARNING * * *
The water nymph touches you.
* * * LOW HITPOINT WARNING * * *
The water nymph drowns you!
* * * LOW HITPOINT WARNING * * *
The jumping spider completely misses you. x2
The water nymph touches you.
You die...

▓..©..▓..©..▓▓▓▓▓▓▓
▓▓▓▓▓▓▓▓▓▓▓▓▓▓▓▓▓▓▓
▓..8©8...▓..8©8...▓
▓..).|...▓..:|:...▓
▓...)....▓..:.)...▓
▓........▓........▓
▓........▓..≈≈....▓
▓.▓....▓.▓.▓m...▓.▓
▓..†©....▓.@s≈....▓
▓▓▓▓▓▓▓▓▓▓▓▓▓▓▓▓▓▓▓


You could see a water nymph and a jumping spider (misshapen).

Vanquished Creatures
  2 tarantellas (D)
  A hell hound (D)
  5 scorpions (D)
  2 quasits (D)
  An orc priest (D)
  An orc wizard (D)
  3 shadow imps (D)
  An ufetubus (D)
16 creatures vanquished.

Notes
Turn   | Place    | Note
-------+----------+-------------------------------------------
     0 | D        | Snicker the Minotaur Gladiator began the quest for the Orb.
     0 | D        | Reached XP level 1. HP: 18/18 MP: 0/0
    13 | D        | Found a blossoming altar of Fedhas.
    14 | D        | Found the +6 Majin-Bo {vamp, MP+6 Int+6}
    14 | D        | Found the +9 heavy crossbow "Sniper" {vorpal, Acc+∞ SInv}
    14 | D        | Found the +10 dark maul {vorpal}
    14 | D        | Found the +15 Maxwell's patent armour {-Cast -Tele rElec
                  | Will+ rCorr}
    14 | D        | Found the +18 shield of the Gong {rElec rN+ Will+ EV-5}
    14 | D        | Found the +14 obsidian axe {vorpal, Drain Fly SInv}
    14 | D        | Found the +7 great mace "Firestarter" {inner flame, rF++}
    14 | D        | Found the +6 shillelagh "Devastator" {shatter}
    14 | D        | Found the +11 plutonium sword {Contam Stlth-}
    14 | D        | Found the +8 lance "Wyrmbane" {slay drac, rPois rF+ rC+
                  | AC+3}
    14 | D        | Found the +9 sword of Zonguldrok {reap}
    14 | D        | Found the +13 scythe of Curses {drain, Drain}
    14 | D        | Found the +5 sword of Power {vorpal}
    14 | D        | Found the +7 mace of Variability {chain chaos}
    14 | D        | Found the +7 Singing Sword {vorpal, sonic wave}
    14 | D        | Found the +8 storm bow {elec, penet}
    14 | D        | Found a viscous altar of Jiyva.
    14 | D        | Found a hazy altar of Hepliaklqana.
    14 | D        | Found a transporter.
    14 | D        | Found an opulent altar of Gozag.
    14 | D        | Found an ancient bone altar of Kikubaaqudgha.
    14 | D        | Found a corrupted altar of Lugonu.
    34 | D        | Found a burning altar of Makhleb.
    35 | D        | Found a sparkling altar of Nemelex Xobeh.
    35 | D        | Found an iron altar of Okawaru.
    35 | D        | Found a stormy altar of Qazlal.
    35 | D        | Found a sacrificial altar of Ru.
    55 | D        | Found a shimmering blue altar of Sif Muna.
    57 | D        | Found a bloodstained altar of Trog.
    77 | D        | Reached skill level 8 in Long Blades
    77 | D        | Reached XP level 2. HP: 25/25 MP: 1/1
    83 | D        | Entered arena 2.
    83 | D        | Found a transporter.
    84 | D        | Identified the +5 mace "Keohaa" {venom, *Slow rElec rF+}
    86 | D        | Reached skill level 9 in Long Blades
    86 | D        | Reached XP level 3. HP: 30/30 MP: 2/2
    87 | D        | Reached skill level 5 in Armour
   299 | D        | Entered arena 3.
   299 | D        | Found a transporter.
   303 | D        | Reached skill level 10 in Long Blades
   303 | D        | Reached skill level 5 in Dodging
   303 | D        | Reached XP level 4. HP: 38/38 MP: 3/3
   310 | D        | Got the Almanac of Doomed Air
   316 | D        | Entered arena 4.
   316 | D        | Noticed a hell hound
   316 | D        | Found a transporter.
   321 | D        | Reached skill level 11 in Long Blades
   321 | D        | Reached XP level 5. HP: 39/46 MP: 4/4
   321 | D        | Killed a hell hound
   322 | D        | Reached skill level 12 in Long Blades
   329 | D        | Got the Tome of Combat Magic and Lightness
   334 | D        | Entered arena 5.
   334 | D        | Found a transporter.
   338 | D        | Reached skill level 5 in Fighting
   338 | D        | Reached skill level 13 in Long Blades
   338 | D        | Reached XP level 6. HP: 51/56 MP: 5/5
   342 | D        | Reached skill level 14 in Long Blades
   353 | D        | Entered arena 6.
   353 | D        | Noticed a jumping spider
   353 | D        | Noticed a tarantella
   353 | D        | Noticed a tarantella
   353 | D        | Noticed a tarantella
   353 | D        | Found a transporter.
   358 | D        | Reached XP level 7. HP: 33/61 MP: 6/6
   361 | D        | Killed a tarantella
   361 | D        | Noticed a water nymph
   361 | D        | a tarantella changed into a water nymph
   362 | D        | Reached skill level 15 in Long Blades
   362 | D        | Killed a tarantella
   364 | D        | HP: 1/63 [drowned by a water nymph (11)]
   365 | D        | Slain by a water nymph

Illustrated notes

Levels and vault maps discovered:
D:        sprint_v [room_start, room_1, room_2, room_3, room_4, room_5, room_6,
          room_7, room_8, room_9, room_10, room_11, room_12, room_13, room_14,
          room_15, room_16, room_17, room_18, room_19, room_20, room_21,
          room_22, room_23, room_24, room_25, room_26, room_27]

Skill      XL: |  1  2  3  4  5  6  7 |
---------------+----------------------+-----
Long Blades    | 8 9 10 11 13 14 15 | 15.6
Armour         | 4 5 6 |  6.2
Dodging        | 4 5 7 8 |  8.0
Fighting       | 3 5 6 |  6.2
Throwing       | 3 |  3.9
Stealth        | |  0.6

Action                   |  1- 3 |  4- 6 |  7- 9 || total
-------------------------+-------+-------+-------++-------
Melee: Triple sword      |     3 |    14 |     7 ||    24
       Headbutt          |       |     6 |     1 ||     7
  Use: Potion            |     1 |       |       ||     1
Armor: Plate armour      |     5 |    24 |     5 ||    34
Dodge: Dodged            |     2 |    10 |     7 ||    19
       Rpst.: Triple sword |       |     4 |     1 ||     5

Table legend: (Time is in decaauts)
 A = Elapsed time spent in this place.
 B = Non-inter-level travel time spent in this place.
 C = Inter-level travel time spent in this place.
 D = Time resting spent in this place.
 E = Time spent auto-exploring this place.
 F = Levels seen in this place.
 G = Mean time per level.
                   A        B        C        D        E       F      G
               +--------+--------+--------+--------+--------+-----+--------+
         Total |    370 |    370 |      0 |    203 |      0 |   1 |  370.0 |
       Dungeon |    370 |    370 |      0 |    203 |      0 |   1 |  370.0 |
               +--------+--------+--------+--------+--------+-----+--------+

Top non-repeatable levels by time:
       D: 370 daAuts
